 Dungeon Crawl Stone Soup version 0.14-a0-1663-g0b35444 (webtiles) character file.

993 ReteAZ the Cleaver (level 7, -8/62 HPs)
             Began as a Deep Dwarf Fighter on Dec 27, 2013.
             Was a Follower of Makhleb.
             Mangled by Pikel
             ... wielding a +1,+0 whip of electrocution
              (21 damage)
             ... on Level 5 of the Dungeon on Dec 28, 2013.
             The game lasted 00:21:59 (3876 turns).

ReteAZ the Cleaver (Deep Dwarf Fighter)             Turns: 3876, Time: 00:22:01

HP  -8/62        AC 14     Str 21      XL: 7   Next: 60%
MP   7/7         EV  3     Int  8 (9)  God: Makhleb [*.....]
Gold 186         SH 21     Dex 12      Spells:  0 memorised,  6 levels left

rFire  . . .     SeeInvis .     i - +0 whip (elec)
rCold  . . .     Clarity  +     B - +0 plate armour
rNeg   . . .     Conserve .     c - +0 dwarf shield
rPois  .         rCorr    .     (no helmet)
rElec  .         rRot     .     n - +0 cloak
SustAb . .       Spirit   .     j - +0 pair of gloves
rMut   .         Warding  .     y - +0 pair of boots
Saprov . . .     Stasis   .     e - amulet of clarity {unknown}
                                (no ring)
                                (no ring)

@: non-regenerating, somewhat resistant to hostile enchantments, extremely
unstealthy
A: damage resistance, recharge devices, sense surroundings 1, slow healing 3
a: Device Recharging, Renounce Religion


You were on level 5 of the Dungeon.
You worshipped Makhleb.
Makhleb was aware of your devotion.
You were not hungry.

You visited 2 branches of the dungeon, and saw 6 of its levels.

You collected 186 gold pieces.

Inventory:

Hand weapons
 a - a +0,+0 dwarven hand axe
 i - a +0,+0 whip of electrocution (weapon)
Missiles
 o - 3 darts of frost
 s - 8 tomahawks (quivered)
Armour
 b - a +0 dwarven scale mail
 c - a +0 dwarven shield (worn)
 j - a +0 pair of gloves (worn)
 n - a +0 cloak (worn)
 y - a +0 pair of boots (worn)
 B - a +0 plate armour (worn)
Magical devices
 d - a wand of heal wounds (3)
 m - a wand of fire (11) {unknown}
Comestibles
 f - 5 bread rations
 z - 2 meat rations
 E - a cheese
 G - a chunk of iguana flesh
Scrolls
 g - 2 scrolls of blinking {unknown}
 h - 2 scrolls of curse jewellery {unknown}
 l - a scroll of teleportation {unknown}
 p - a scroll of recharging {unknown}
 q - 2 scrolls of fog {unknown}
 v - a scroll of noise {unknown}
 x - 2 scrolls of curse armour {unknown}
 C - 2 scrolls of identify {unknown}
 D - a scroll of random uselessness {unknown}
Jewellery
 e - an amulet of clarity (around neck) {unknown}
 k - an uncursed ring of fire {unknown}
 t - an uncursed amulet of warding {unknown}
Potions
 r - a potion of curing
 u - a potion of might
 A - a potion of speed
 F - a potion of poison {unknown}
Books
 w - a book of Air

   Spells                             Type                      Level
   Shock                              Conjuration/Air              1
   Swiftness                          Charms/Air                   2
   Repel Missiles                     Charms/Air                   2
   Flight                             Charms/Air                   3
   Static Discharge                   Conjuration/Air              3
   Lightning Bolt                     Conjuration/Air              5


   Skills:
 + Level 3.4 Fighting
 + Level 9.2 Axes
 - Level 3.2 Armour
 - Level 3.2 Shields


You had 6 spell levels left.
You didn't know any spells.

Dungeon Overview and Level Annotations

Branches:
Dungeon (5/16)             Temple (1/1) D:4

Altars:
Ashenzari
Kikubaaqudgha
Makhleb
Nemelex Xobeh
Sif Muna
Vehumet
Yredelemnul
the Shining One

Annotations:
D:5 Pikel


Innate Abilities, Weirdness & Mutations

You are resistant to damage.
You can recharge devices by infusing magical energy.
You passively map a small area around you.
You do not heal naturally.


Message History

You completely miss Pikel.
Pikel is moderately wounded.
You block Pikel's attack. The slave hits you but does no damage.
The slave hits you but does no damage.
Your plate armour prevents you from hitting Pikel.
Pikel is moderately wounded.
You block Pikel's attack. The slave hits you but does no damage.
The slave hits you but does no damage.
You closely miss Pikel.
Pikel is moderately wounded.
Pikel hits you but does no damage.
You are electrocuted!
The slave hits you but does no damage. Pikel hits you but does no damage.
You hit Pikel but do no damage.
Pikel is moderately wounded.
The slave hits you but does no damage. The slave hits you.
Pikel hits you with a whip of electrocution!
* * * LOW HITPOINT WARNING * * *
You are electrocuted!
You die...

#........* #..# #........#
#..#
####........#####..#######
.........................#
...............[.........#
####..#####........#######
# #..# #........# # #..#
#........# # #..#
#....K@..#
####..#####....@@..#######
......................%..#
....@.................)).#
.####.............########
.# #.............# .#
#.............# .#
#.............# .#
#.............#


You could see Pikel and 2 slaves.

Vanquished Creatures
  2 slaves (D:4)
  An ogre (D:4)
  A water moccasin (D:5)
  A crimson imp (D:4)
  2 gnoll shamans (D:4)
  4 orc priests
  3 worker ants (D:5)
  2 iguanas (D:4)
  An orc wizard (D:4)
  A scorpion (D:4)
  Ijyb (D:2)
  8 gnolls (D:4)
  2 adders (D:4)
  2 giant mites
  5 worms
  An adder skeleton (D:4)
  An iguana skeleton (D:5)
  A giant eyeball (D:4)
  14 orcs
  A giant cockroach (D:3)
  11 goblins
  6 hobgoblins
  3 jackals (D:2)
  8 kobolds
  A ball python (D:4)
  9 bats
  2 giant geckos
  4 giant newts
  A hobgoblin skeleton (D:4)
  A jackal skeleton (D:4)
  An orc skeleton (D:4)
  3 quokkas
  6 rats
110 creatures vanquished.

Notes
Turn   | Place    | Note
--------------------------------------------------------------
     0 | D:1      | ReteAZ, the Deep Dwarf Fighter, began the quest for the Orb.
     0 | D:1      | Reached XP level 1. HP: 20/20 MP: 1/1
   226 | D:1      | Reached XP level 2. HP: 25/27 MP: 2/2
   640 | D:2      | Reached XP level 3. HP: 29/33 MP: 3/3
   729 | D:2      | Reached skill level 4 in Axes
   811 | D:2      | Noticed Ijyb
   839 | D:2      | Killed Ijyb
   955 | D:2      | Reached XP level 4. HP: 31/40 MP: 4/4
  1275 | D:2      | Reached skill level 5 in Axes
  1538 | D:3      | Found an ancient bone altar of Kikubaaqudgha.
  2043 | D:4      | Paralysed by a giant eyeball for 4 turns
  2055 | D:4      | Noticed an ogre
  2064 | D:4      | Killed an ogre
  2064 | D:4      | Reached skill level 6 in Axes
  2064 | D:4      | Reached XP level 5. HP: 29/46 MP: 5/5
  2122 | D:4      | Reached skill level 7 in Axes
  2122 | D:4      | Reached XP level 6. HP: 20/55 MP: 6/6
  2500 | D:4      | Reached skill level 8 in Axes
  2613 | D:4      | Found a staircase to the Ecumenical Temple.
  2618 | Temple   | Entered the Ecumenical Temple
  2625 | Temple   | Became a worshipper of Makhleb the Destroyer
  2643 | D:4      | Upgraded the game from 0.14-a0-1653-g0ad7a2c to 0.14-a0-1663-g0b35444
  2973 | D:4      | Reached XP level 7. HP: 21/61 MP: 7/7
  3178 | D:4      | Acquired Makhleb's first power
  3424 | D:5      | Entered Level 5 of the Dungeon
  3469 | D:5      | Found a deep blue altar of Sif Muna.
  3506 | D:5      | Reached skill level 9 in Axes
  3864 | D:5      | Noticed Pikel
  3876 | D:5      | Mangled by Pikel

Action                   |  1- 3 |  4- 6 |  7- 9 || total
-------------------------+-------+-------+-------++-------
Melee: Hand axe          |    89 |   100 |       ||   189
       Whip              |       |    87 |   123 ||   210
Throw: Dart              |    21 |     7 |     6 ||    34
       Tomahawk          |    10 |    40 |    18 ||    68
Evoke: Wand              |       |     1 |     1 ||     2
  Use: Potion            |       |     6 |       ||     6
